 Dungeon Crawl Stone Soup version 0.17.0-1-g61d176b (webtiles) character file.

326 inmateoo the Ruffian (level 6, -2/49 HPs)
             Began as a Formicid Monk on Nov 7, 2015.
             Shot with an arrow by a centaur (11 damage)
             ... on level 5 of the Dungeon.
             The game lasted 00:04:40 (3384 turns).

inmateoo the Ruffian (Formicid Monk)                Turns: 3384, Time: 00:04:40

Health: -2/49      AC:  7    Str: 22    XL:     6   Next: 79%
Magic:  6/6        EV: 17    Int:  4    God:
Gold:   198        SH:  0    Dex: 15    Spells: 0 memorised, 5 levels left

rFire  + . .     SeeInvis +       - Unarmed
rCold  + + .     Clarity  +     d - +0 scale mail
rNeg   . . .     SustAt   .     (no shield)
rPois  +         Gourm    .     (helmet unavailable)
rElec  +         Spirit   .     m - +0 cloak
rCorr  +         Warding  .     (no gloves)
rMut   .         Stasis   +     (no boots)
MR     .....                    v - amulet "Fiuver" {Clar rC+ Str+2 Int-5}
Stlth  +.........               p - +4 ring of strength
                                h - +5 ring of evasion

@: resistant, not resistant to hostile enchantments, very unstealthy
A: permanent stasis, dig shafts and tunnels, four strong arms, antennae 3
a: Dig, Shaft Self


You were on level 5 of the Dungeon.
You were hungry.

You visited 1 branch of the dungeon, and saw 5 of its levels.

You collected 198 gold pieces.

Inventory:

Missiles
 o - 2 throwing nets (quivered)
Armour
 d - a +0 scale mail (worn)
 m - a +0 cloak (worn)
Jewellery
 h - a +5 ring of evasion (left hand)
 p - a +4 ring of strength (right hand)
 v - the amulet "Fiuver" (around neck) {Clar rC+ Str+2 Int-5}
   (You found it on level 5 of the Dungeon)

   [amulet of clarity]

   It provides mental clarity.
   It affects your strength (+2).
   It affects your intelligence (-5).
   It protects you from cold.
Scrolls
 a - a scroll of immolation {unknown}
 c - 2 scrolls of identify
 e - a scroll of enchant weapon {unknown}
 k - 4 scrolls of blinking {unknown}
 l - 2 scrolls of magic mapping {unknown}
 n - 2 scrolls of teleportation {unknown}
 s - a scroll of remove curse {unknown}
 t - a scroll of fog {unknown}
Potions
 j - a potion of cancellation
Comestibles
 b - 2 bread rations
 f - 2 beef jerkies
 g - a slice of pizza
 i - 2 meat rations


   Skills:
 + Level 4.3 Fighting
 + Level 2.1 Armour
 + Level 3.8 Dodging
 - Level 2.4 Stealth
 * Level 6.0 Unarmed Combat


You had 5 spell levels left.
You didn't know any spells.

Dungeon Overview and Level Annotations

Branches:
Dungeon (5/15)
 Temple: D:4-7

Altars:
Trog


Innate Abilities, Weirdness & Mutations

You are under a permanent stasis effect.
You can dig through walls and to a lower floor.
Your four strong arms can wield two-handed weapons with a shield.
You have a pair of large antennae on your head (SInv).


Message History

It was a potion of magic.
Magic courses through your body.
The centaur shoots an arrow.
The arrow misses you.
Drink which item? (? for menu, Esc to quit)
Okay, then.
Read which item? (? for menu, Esc to quit)
Okay, then.
Drink which item? (? for menu, Esc to quit)
Okay, then.
You aren't carrying any items that can be evoked.
Unknown command.
Drink which item? (? for menu, Esc to quit)
Okay, then.
Read which item? (? for menu, Esc to quit)
Okay, then.
The centaur hits you.
* * * LOW HITPOINT WARNING * * *
Found a scale mail.
The centaur wields an uncursed enchanted shortbow.
The centaur shoots an arrow.
The arrow hits you!
You die...

.#..........# #./.$.:#..
.......####.## #........ .
......)).)...###......# ...
#......####....#......#....
###..### #.##.#(........=.
##.# #..#.#.!.(..# #.#
##.....c(#....... #..
##..(.S##{.....[ ##..
###.@.# ..c##.. ##.
#........##.# . #.###....#
.. [. ....... .. ..
.........%.. #.##...##. ..
...# .. ....


You could see a centaur and an adder.

Vanquished Creatures
  3 hounds (D:4)
  Terence (D:2)
  2 worker ants (D:4)
  4 gnolls (D:5)
  2 adders
  An ooze (D:4)
  A worm (D:2)
  6 giant geckos
  12 orcs
  8 bats
  5 giant cockroaches
  12 hobgoblins
  2 jackals (D:2)
  4 kobolds
  6 giant newts
  10 goblins
  4 quokkas
  13 rats
96 creatures vanquished.

Notes
Turn   | Place    | Note
--------------------------------------------------------------
     0 | D:1      | inmateoo the Formicid Monk began the quest for the Orb.
     0 | D:1      | Reached XP level 1. HP: 18/18 MP: 1/1
    94 | D:1      | Reached XP level 2. HP: 22/24 MP: 2/2
   431 | D:1      | Reached XP level 3. HP: 24/29 MP: 3/3
   962 | D:2      | Noticed Terence
   992 | D:2      | Killed Terence
   992 | D:2      | Reached XP level 4. HP: 14/37 MP: 4/4
  1414 | D:2      | Found a bloodstained altar of Trog.
  1723 | D:3      | Reached skill level 5 in Unarmed Combat
  2026 | D:3      | Reached XP level 5. HP: 40/42 MP: 5/5
  2216 | D:3      | Reached skill level 1 in Armour
  2781 | D:4      | Reached XP level 6. HP: 36/48 MP: 6/6
  3257 | D:5      | Entered Level 5 of the Dungeon
  3289 | D:5      | Got a translucent tin amulet
  3290 | D:5      | Identified the amulet "Fiuver" {Clar rC+ Str+2 Int-5} (You found it on level 5 of the Dungeon)
  3327 | D:5      | Reached skill level 6 in Unarmed Combat
  3384 | D:5      | Shot with an arrow by a centaur

Action                   |  1- 3 |  4- 6 || total
-------------------------+-------+-------++-------
Melee: Unarmed           |   123 |   272 ||   395
 Abil: Dig               |       |     3 ||     3
  Use: Scroll            |     1 |     1 ||     2
       Potion            |       |     3 ||     3
 Stab: Sleeping          |     3 |       ||     3
  Eat: Chunk             |       |     8 ||     8
